 Dungeon Crawl Stone Soup version 0.18.1-8-gdd0e5ea (webtiles) character file.

37 Flavorfulsole the Skirmisher (level 3, -5/34 HPs)
             Began as a Minotaur Chaos Knight on May 28, 2016.
             Slain by Ijyb
             ... wielding a +0 club
              (6 damage)
             ... on level 2 of the Dungeon.
             The game lasted 00:03:26 (542 turns).

Flavorfulsole the Skirmisher (Minotaur Chaos Knight) Turns: 542, Time: 00:03:27

Health: -5/34      AC:  8    Str: 17    XL:     3   Next: 23%
Magic:  2/2        EV:  8    Int:  9    God:    Xom [..*...]
Gold:   15         SH:  7    Dex:  9    Spells: 0 memorised, 2 levels left

rFire  . . .     SeeInvis .     a - +0 hand axe (chaos)
rCold  . . .     Gourm    .     b - +2 leather armour
rNeg   . . .     Faith    .     e - +0 shield
rPois  .         Spirit   .     (helmet restricted)
rElec  .         Dismiss  .     (no cloak)
rCorr  +         Reflect  .     (no gloves)
SustAt .         Harm     .     f - +2 pair of boots
MR     .....                    (no amulet)
Stlth  +.........               (no ring)
                                d - ring of resist corrosion

@: not resistant to hostile enchantments, very unstealthy
A: retaliatory headbutt, horns 2
a: Renounce Religion


You were on level 2 of the Dungeon.
You worshipped Xom.
You were a toy of Xom.
You were not hungry.

You visited 1 branch of the dungeon, and saw 2 of its levels.

You collected 15 gold pieces.

Inventory:

Hand Weapons
 a - a +0 hand axe of chaos (weapon)
 g - a +2 vampiric short sword
Armour
 b - a +2 leather armour (worn)
 e - a +0 shield (worn)
 f - a +2 pair of boots (worn)
Jewellery
 d - a ring of resist corrosion (left hand)
Potions
 i - a potion of agility
Comestibles
 c - a bread ration
 h - 2 chunks of flesh


   Skills:
 + Level 4.5 Fighting
 + Level 4.2 Axes
 + Level 2.6 Armour
 + Level 1.2 Dodging
 + Level 0.3 Stealth


You had 2 spell levels left.
You didn't know any spells.

Dungeon Overview and Level Annotations

Branches:
Dungeon (1/15)

Altars:

Annotations:
D:2 Ijyb


Innate Abilities, Weirdness & Mutations

You reflexively headbutt those who attack you in melee.
You have a pair of horns on your head.


Message History

Ijyb screams, "You nasty!
Big nasty!"
Ijyb hits you but does no damage.
You hit Ijyb but do no damage.
Ijyb is heavily wounded.
Ijyb barely misses you. You furiously retaliate!
You headbutt Ijyb. Ijyb barely misses you.
You closely miss Ijyb. You headbutt Ijyb, but do no damage.
Ijyb is almost dead.
Xom smirks.
You detect items!
Ijyb completely misses you. You furiously retaliate!
You headbutt Ijyb, but do no damage. Ijyb closely misses you.
You miss Ijyb.
Ijyb is almost dead.
You block Ijyb's attack.
You hit Ijyb.
Ijyb is almost dead.
Ijyb hits you with a club.
* * * LOW HITPOINT WARNING * * *
Ijyb hits you with a club.
You die...

#............#
#..........#
##...))..†.#
###.....##..#
#...........# #
..........#.# .#
.........##.# ###.#####
#.........#.####........
####....#.......@g......
#[##.###.####.)......
...##.# #.# #........
##..##.# #.# #........
#..##.###.####........
#.##..................
#.#................
#.#................
...........##.


You could see Ijyb.

Vanquished Creatures
  A gnoll (D:1)
  A worm (D:2)
  A giant gecko (D:1)
  2 giant cockroaches (D:1)
  2 goblins (D:2)
  3 hobgoblins
  A ball python (D:1)
  2 bats (D:1)
  4 kobolds
  8 rats
25 creatures vanquished.

Notes
Turn   | Place    | Note
--------------------------------------------------------------
     0 | D:1      | Flavorfulsole the Minotaur Chaos Knight began the quest for the Orb.
     0 | D:1      | Reached XP level 1. HP: 19/19 MP: 0/0
    68 | D:1      | Reached XP level 2. HP: 24/27 MP: 1/1
    84 | D:1      | XOM: silly message
   135 | D:1      | XOM: harmless Pois miscast
   462 | D:1      | You fall through a shaft!
   462 | D:2      | Noticed Ijyb
   475 | D:2      | Reached XP level 3. HP: 27/34 MP: 2/2
   479 | D:2      | XOM: smoke on damage
   536 | D:2      | XOM: divination: detect creatures
   540 | D:2      | XOM: divination: detect items
   542 | D:2      | HP: 1/34 [Ijyb/club (3)]
   542 | D:2      | Slain by Ijyb

Skill      XL: |  1  2 |
---------------+-------+-----
Axes           | 4 |  4.2
Fighting       | 4 |  4.5
Armour         | |  2.6
Dodging        | |  1.2
Stealth        | |  0.3

Action                   || total
-------------------------++-------
Melee: Hand axe          ||    67
       Headbutt          ||    11
  Use: Potion            ||     2
       Scroll            ||     1
 Stab: Sleeping          ||     2
Armor: Leather armour    ||    29
Dodge: Dodged            ||    39
Block: Shield            ||    13
